 Dungeon Crawl Stone Soup version 0.21.1-1-g345015f (webtiles) character file.

173 Fang the Chopper (level 5, -8/33 HPs)
             Began as a Gargoyle Berserker on July 26, 2018.
             Was a Believer of Trog.
             Mangled by MetaCosm's ghost (9 damage)
             ... on level 3 of the Dungeon.
             The game lasted 00:01:57 (2020 turns).

Fang the Chopper (Gargoyle Berserker)               Turns: 2020, Time: 00:01:58

Health: -8/33      AC:  6    Str: 22    XL:     5   Next: 53%
Magic:  5/5        EV: 12    Int:  7    God:    Trog [**....]
Gold:   116        SH:  0    Dex:  9    Spells: 4/4 levels left

rFire    . . .     SeeInvis .   a - +0 hand axe
rCold    . . .     Gourm    .   (no shield)
rNeg     + . .     Faith    .   b - +0 animal skin
rPois    ∞         Spirit   .   (no helmet)
rElec    +         Reflect  .   (no cloak)
rCorr    .         Harm     .   (no gloves)
MR       .....                  (no boots)
Stlth    +.........             (no amulet)
HPRegen  0.11/turn              (no ring)
MPRegen  0.09/turn              (no ring)

@: berserk cooldown, slowed, very slow
A: negative energy resistance 1, electricity resistance, unbreathing,
petrification resistance, rot immunity, AC +4
a: Berserk, Trog's Hand, Burn Spellbooks, Renounce Religion


You were on level 3 of the Dungeon.
You worshipped Trog.
Trog was pleased with you.
You were hungry.

You visited 1 branch of the dungeon, and saw 3 of its levels.

You collected 116 gold pieces.

Inventory:

Hand Weapons
 a - a +0 hand axe (weapon)
Armour
 b - a +0 animal skin (worn)
Scrolls
 d - a scroll of amnesia {unknown}
 h - 2 scrolls of teleportation {unknown}
 i - a scroll of identify {unknown}
Potions
 e - a potion of lignification {unknown}
 f - 2 potions of heal wounds {unknown}
 g - a potion of haste {unknown}
Comestibles
 c - a ration


   Skills:
 + Level 4.2 Fighting
 + Level 4.3 Axes
 + Level 2.3 Armour
 + Level 2.4 Dodging
 + Level 0.7 Stealth


You had 4 spell levels left.
You didn't know any spells.

Dungeon Overview and Level Annotations

Branches:
Dungeon (3/15)

Altars:
Ashenzari
Hepliaklqana

Annotations:
D:3 MetaCosm's ghost, amateur OgBe


Innate Abilities, Weirdness & Mutations

You are resistant to torment.
Your stone body is resilient. (AC +4)
You are immune to poison.
You resist negative energy. (rN+)
You are resistant to electric shocks. (rElec)
You can survive without breathing.
You are immune to petrification.
You are immune to rotting.


Message History

MetaCosm's ghost is heavily damaged.
MetaCosm's ghost barely misses you.
You slash MetaCosm's ghost!
MetaCosm's ghost is severely damaged.
MetaCosm's ghost barely misses you.
You barely miss MetaCosm's ghost.
MetaCosm's ghost is severely damaged.
MetaCosm's ghost closely misses you.
You hit MetaCosm's ghost.
MetaCosm's ghost is severely damaged.
You hit MetaCosm's ghost.
MetaCosm's ghost is severely damaged.
MetaCosm's ghost hits you!
* * * LOW HITPOINT WARNING * * *
You closely miss MetaCosm's ghost.
MetaCosm's ghost is severely damaged.
You are no longer berserk.
You are exhausted.
You feel yourself slow down. MetaCosm's ghost hits you!
You die...

.......##...##.##
# .......
#...#### .
.......##...## .
......>#8...⌠# #
.......##...##
#...# . ##...##
... #8W..8#
.....##@..##..#
........)...#
........#..##
......###...#
.....< ...#
...... .....
##### ..### .#


You could see MetaCosm's ghost.

Vanquished Creatures
  7 gnolls
  2 adders (D:2)
  A shadow imp (D:3)
  2 worms
  2 dart slugs (D:1)
  2 leopard geckos
  5 giant cockroaches
  7 goblins
  13 hobgoblins
  7 kobolds
  A quokka (D:2)
  8 bats
  3 frilled lizards
  10 rats
70 creatures vanquished.

Notes
Turn   | Place    | Note
-------+----------+-------------------------------------------
     0 | D:1      | Fang the Gargoyle Berserker began the quest for the Orb.
     0 | D:1      | Reached XP level 1. HP: 14/14 MP: 1/1
    97 | D:1      | Reached XP level 2. HP: 19/19 MP: 2/2
   135 | D:1      | Reached XP level 3. HP: 17/24 MP: 3/3
   617 | D:1      | Reached ** piety under Trog
   890 | D:2      | Reached XP level 4. HP: 17/29 MP: 4/4
   997 | D:2      | Found a hazy altar of Hepliaklqana.
  1116 | D:2      | Found a faded altar of an unknown god.
  1719 | D:2      | Reached XP level 5. HP: 33/33 MP: 5/5
  1746 | D:2      | Found a shattered altar of Ashenzari.
  1987 | D:3      | Noticed MetaCosm's ghost (amateur OgBe)
  2019 | D:3      | HP: 1/49 [MetaCosm's ghost (12)]
  2020 | D:3      | Mangled by MetaCosm's ghost

Skill      XL: |  1  2  3  4 |
---------------+-------------+-----
Axes           | 3 4 |  4.3
Dodging        | 2 |  2.4
Fighting       | 4 |  4.2
Armour         | |  2.3
Stealth        | |  0.7

Action                   |  1- 3 |  4- 6 || total
-------------------------+-------+-------++-------
Melee: Hand axe          |   114 |   103 ||   217
Invok: Berserk           |       |     3 ||     3
 Stab: Sleeping          |       |     1 ||     1
  Eat: Chunk             |       |     6 ||     6
Armor: Animal skin       |    56 |    23 ||    79
Dodge: Dodged            |    83 |    58 ||   141
